 Dungeon Crawl Stone Soup version 0.27.1-1-g398f81649c (webtiles) character file.

Game seed: 9308719562861538286

40 Descartes the Magician (level 3, -4/28 HPs)
             Began as a Djinni Warper on Sept 6, 2021.
             Slain by Robin (5 damage)
             ... on level 1 of the Dungeon.
             The game lasted 00:04:56 (2190 turns).

Descartes the Magician (Djinni Warper)              Turns: 2190, Time: 00:04:57

Health: -4/28      AC:  5    Str: 11    XL:     3   Next: 72%
Gold:   70         EV: 11    Int: 14    God:
                   SH:  0    Dex: 12

rFire    + + .     SeeInvis .   a - +0 falchion
rCold    x . .     Faith    .   (no shield)
rNeg     . . .     Spirit   .   j - +0 ring mail
rPois    ∞         Reflect  .   e - +0 hat
rElec    .         Harm     .   (no cloak)
rCorr    .         Rampage  .   (no gloves)
Will     .....                  (boots unavailable)
Stlth    +.........             (no amulet)
HPRegen  0.09/turn              (no ring)
MPRegen  0.00/turn              (no ring)

@: flying
A: sickness immunity, fire resistance 2, cold vulnerability 1, float, innate
caster, hp casting, extra vitality 1
a: no special abilities


You were on level 1 of the Dungeon.
You visited 1 branch of the dungeon, and saw 2 of its levels.

You collected 70 gold pieces.

Inventory:

Hand Weapons
 a - a +0 falchion (weapon)
Missiles
 d - 5 boomerangs of dispersal (quivered)
 h - 25 bolts
 i - 19 arrows
Armour
 b - a +0 leather armour
 e - a +0 hat (worn)
 j - a +0 ring mail (worn)
 k - a +0 scale mail
Scrolls
 c - a scroll of blinking
Potions
 f - a potion of degeneration {unknown}
 g - a potion of curing {unknown}


   Skills:
 - Level 2.0 Fighting
 - Level 1.9 Long Blades
 - Level 0.7 Throwing
 - Level 1.0 Armour
 + Level 2.8 Dodging
 + Level 3.2 Spellcasting


You couldn't memorise any spells.
You knew the following spells:

 Your Spells              Type           Power      Damage    Failure   Level
a - Blink                 Tloc           N/A        N/A       21%         2
b - Lesser Beckoning      Tloc           5%         N/A       36%         3
c - Gell's Gravitas       Tloc           5%         N/A       36%         3
d - Teleport Other        Tloc           11%        N/A       36%         3
e - Manifold Assault      Tloc           11%        N/A       98%         5
f - Foxfire               Conj/Fire      44%        2x1d6     13%         1
Your spell library was empty.

Dungeon Overview and Level Annotations

Branches:
Dungeon (2/15)

Altars:

Annotations:
D:1 Robin


Innate Abilities, Weirdness & Mutations

You are immune to sickness and miasma.
You are immune to poison.
Your flesh is very heat resistant. (rF++)
You are vulnerable to cold. (rC-)
You float through the air rather than walking.
You learn spells naturally, not from books.
Your magical power is your life essence.
You have superior vitality. (+4 HP)


Message History

The endoplasm hits you but does no damage.
You hit the endoplasm but do no damage.
The endoplasm is severely wounded.
Robin hits you but does no damage. The endoplasm barely misses you.
You riposte.
You hit the endoplasm but do no damage.
The endoplasm is severely wounded.
Robin hits you but does no damage.
You hit the endoplasm.
You kill the endoplasm!
Robin closely misses you.
You riposte.
You hit Robin.
Robin is moderately wounded.
The hobgoblin closely misses you. The hobgoblin closely misses you.
Robin barely misses you.
There is a stone staircase leading up here.
Robin hits you with a +2 spectral club.
* * * LOW HITPOINT WARNING * * *
The hobgoblin closely misses you. Robin closely misses you.
You riposte.
You hit Robin but do no damage.
Robin is moderately wounded.
You fly upwards.
There is a stone staircase leading down here.
You see here a +0 club.
The hobgoblin misses you.
You see here a +0 dagger.
The hobgoblin barely misses you. Robin barely misses you.
You see here a +0 dagger.
Robin barely misses you.
You riposte.
You hit Robin.
Robin is heavily wounded.
Things that are here:
a +0 club; a hobgoblin corpse; a goblin corpse Robin completely misses you.
The hobgoblin no longer looks unusually strong.
Robin roars a battlecry!
The hobgoblin goes into a battle-frenzy!
Robin says, "Feeling lonely?"
Robin hits you with a +2 spectral club.
* * * LOW HITPOINT WARNING * * *
Robin hits you with a +2 spectral club.
You die...

##### #...# #.#.# #.#.# #.#.#####
#.#.@gg.# ### ########.#####.#
#.. #...#........#.# ###.#
#.#.#.#......#.# ####...#
#.#.#.#......#.# #....#.#
######.#.#.#......#)## #....#.#
.......#.#.#......#).# ###....#.#
......##.#.#......#..###......#.#
.)....##.#)#......#).##.......#.#


You could see Robin (fast) and a hobgoblin (strong).

Vanquished Creatures
  A dart slug (D:1)
  3 endoplasms
  3 giant cockroaches (D:1)
  8 goblins
  7 hobgoblins (D:1)
  A quokka (D:1)
  A bat (D:2)
  3 frilled lizards (D:1)
  4 kobolds (D:1)
  A rat (D:1)
32 creatures vanquished.

Vanquished Creatures (others)
  2 foxfires (D:1)
2 creatures vanquished.

Grand Total: 34 creatures vanquished

Notes
Turn   | Place    | Note
-------+----------+-------------------------------------------
     0 | D:1      | Descartes the Djinni Warper began the quest for the Orb.
     0 | D:1      | Reached XP level 1. HP: 18/18 MP: 0/0
   389 | D:1      | Reached XP level 2. HP: 17/23 MP: 0/0
  1555 | D:2      | Noticed Robin
  1564 | D:1      | Reached skill level 3 in Spellcasting
  1564 | D:1      | Reached XP level 3. HP: 26/28 MP: 0/0
  1564 | D:1      | Learned a level 1 spell: Foxfire
  2188 | D:1      | HP: 1/28 [Robin (3)]
  2190 | D:1      | Slain by Robin

Illustrated notes

Levels and vault maps discovered:
D:1:      dpeg_arrival_tiny_a, layout_rooms, serial_co_window_serial,
          co_window_cross_1, co_window_paths_a, co_window_corner_a,
          co_window_of_opportunity_a, co_window_paths_a, co_window_paths_b,
          co_window_paths_c, co_window_broadway_a, co_window_cross_2,
          co_window_corner_b, co_window_2corner, co_window_unsneaky_path_c,
          co_window_corner_b, glass_columns_b, glass_columns_c
D:2:      layout_rooms, shapermc_ecumenical_altar_mp_highgroup, uniq_sigmund,
          uniq_robin

Skill      XL: |  1  2 |
---------------+-------+-----
Spellcasting   | 3 |  3.2
Fighting       | |  2.0
Long Blades    | |  1.9
Throwing       | |  0.7
Armour         | |  1.0
Dodging        | |  2.8

Action                   || total
-------------------------++-------
Melee: Falchion          ||    82
 Cast: Blink             ||     1
       Foxfire           ||     1
Armor: Leather armour    ||    10
       Ring mail         ||    31
Dodge: Dodged            ||    83
       Rpst.: Falchion   ||    33
